 Dungeon Crawl Stone Soup version 0.29.1-1-gd02db6906a (webtiles) character file.

Game seed: 2921281562168451745

168 hawla the Firebug (level 6, 0/45 HPs)
             Began as a Meteoran Fire Elementalist on Oct 12, 2022.
             Slain by a gnoll bouda
             ... wielding a +0 whip
              (3 damage)
             ... on level 4 of the Dungeon.
             The game lasted 00:07:59 (1754 turns).

hawla the Firebug (Meteoran Fire Elementalist)      Turns: 1754, Time: 00:08:00

Health: 0/45       AC:  3    Str: 10    XL:     6   Next: 7%
Magic:  1/13       EV: 13    Int: 18    God:
Gold:   168        SH:  0    Dex: 15    Spells: 6/13 levels left

rFire   . . .      SeeInvis .   (no weapon)
rCold   + . .      Faith    .   (no shield)
rNeg    . . .      Spirit   .   a - +0 robe
rPois   .          Reflect  .   j - +0 helmet
rElec   .          Harm     .   (no cloak)
rCorr   .          Rampage  .   (no gloves)
Will    .....                   (no boots)
Stlth   +.........              (no amulet)
HPRegen 0.15/turn               h - ring of protection from cold
MPRegen 0.13/turn               (no ring)

@: glowing
A: sense surroundings 1, otherworldly, glowing, explore regen
a: no special abilities


You were on level 4 of the Dungeon.
You visited 1 branch of the dungeon, and saw 4 of its levels.

You collected 168 gold pieces.

Inventory:

Armour
 a - a +0 robe (worn)
 j - a +0 helmet (worn)
Jewellery
 h - a ring of protection from cold (left hand)
Scrolls
 k - a scroll of fear {unknown}
 l - 2 scrolls of acquirement {unknown}
Potions
 b - a potion of magic
 c - a potion of degeneration {unknown}
 d - 3 potions of might {unknown}
 e - 2 potions of curing
 f - a potion of berserk rage {unknown}
 g - a potion of brilliance {unknown}
 i - a potion of ambrosia {unknown}


   Skills:
 - Level 0.1 Fighting
 - Level 2.8 Dodging
 - Level 1.4 Stealth
 - Level 4.4 Spellcasting
 + Level 2.3 Conjurations
 + Level 5.5 Fire Magic


You had 6 spell levels left.
You knew the following spells:

 Your Spells              Type           Power      Damage    Failure   Level
a - Foxfire               Conj/Fire      72%        2x1d7     2%          1
b - Scorch                Fire           48%        2d7       2%          2
c - Flame Wave            Conj/Fire      18%        2d7       26%         4

Your spell library contained the following spells:

 Spells                   Type           Power      Damage    Failure   Level
 Magic Dart               Conj           48%        1d5       5%          1
 Searing Ray              Conj           24%        2d5       9%          2
 Conjure Flame            Conj/Fire      18%        6-21      9%          3
 Inner Flame              Hex/Fire       14%        N/A       14%         3
 Frozen Ramparts          Ice            8%         1d2       38%         3
 Gell's Gravitas          Tloc           4%         N/A       38%         3
 Teleport Other           Tloc           4%         N/A       38%         3
 Fulminant Prism          Conj/Hex       4%         3d6       65%         4
 Ice Form                 Ice/Tmut       4%         N/A       80%         4
 Summon Ice Beast         Ice/Summ       4%         N/A       80%         4
 Borgnjor's Vile Clutch   Necr/Erth      2%         N/A       98%         5


Dungeon Overview and Level Annotations

Branches:
Dungeon (4/15) Zot: 646
 Temple: D:4-7

Altars:
Elyvilon
Uskayaw
Zin

Shops:
D:1 =


Innate Abilities, Weirdness & Mutations

You passively map a small area around you.
You are easily found by Zot.
You glow in the dark.
You regain HP and MP as you explore.


Message History

(Press . to intensify the flame waves.)
You hear a shout!
You hear a howl! x2
The gnoll hits you with a +0 spear. The gnoll completely misses you.
The gnoll hits you but does no damage.
A wave of flame ripples out!
The flame wave engulfs the gnoll!
You kill the gnoll!
The flame wave engulfs the gnoll.
The gnoll is moderately wounded.
The flame wave engulfs the gnoll.
The gnoll is lightly wounded.
The flame wave engulfs the gnoll bouda.
The gnoll bouda is moderately wounded.
You hear an angry hiss.
The gnoll barely misses you. The gnoll misses you.
A gnoll comes into view. It is wielding a +0 whip.
You have reached level 6!
You feel stronger.
A wave of flame ripples out!
The flame wave engulfs the gnoll bouda.
The gnoll bouda is heavily wounded.
The flame wave engulfs the gnoll!
The gnoll is almost dead.
The flame wave engulfs the gnoll!
You kill the gnoll!
You finish channelling waves of flame.
The gnoll hits you from afar with a +0 spear!
A howler monkey comes into view.
The gnoll bouda barely misses you.
Saving game... please wait.
Welcome back, hawla the Meteoran Fire Elementalist.
Press ? for a list of commands and other information.
There are monsters nearby!
The gnoll bouda hits you with a +0 whip!
* * * LOW HITPOINT WARNING * * *
The gnoll hits you from afar with a +0 spear.
* * * LOW HITPOINT WARNING * * *
The gnoll bouda attacks as you move away!
The gnoll bouda closely misses you.
The gnoll bouda attacks as you move away!
The gnoll bouda hits you with a +0 whip.
You die...

..##........####........
*
............#....h.....
, * #........#........,
* #........#....#.# * ,
#.#.........)...# * *
#..#......g)...## ,
g#.##<)....#...g# ,g.
#))....#...g# ,...
#......#...@# * , ...
#......#..#.# *


g.g #####....##.# ,, ####....# , * ..#... , , , #.*.... , ..## , ... , , * , You
could see a gnoll bouda, a howler monkey and 2 gnolls.

Vanquished Creatures
  5 gnolls
  3 adders (D:3)
  A worm (D:3)
  2 dart slugs
  9 orcs
  5 ball pythons
  3 endoplasms
  9 goblins
  6 hobgoblins
  7 jackals (D:3)
  3 quokkas
  10 bats
  3 frilled lizards
  5 kobolds (D:1)
  4 rats (D:1)
75 creatures vanquished.

Vanquished Creatures (others)
  97 foxfires
97 creatures vanquished.

Grand Total: 172 creatures vanquished

Notes
Turn   | Place    | Note
-------+----------+-------------------------------------------
     0 | D:1      | hawla the Meteoran Fire Elementalist began the quest for
                  | the Orb.
     0 | D:1      | Reached XP level 1. HP: 14/14 MP: 5/5
    44 | D:1      | Reached XP level 2. HP: 20/20 MP: 3/6
    57 | D:1      | Reached skill level 4 in Fire Magic
    90 | D:1      | Learned a level 2 spell: Scorch
   136 | D:1      | Reached XP level 3. HP: 16/26 MP: 2/8
   243 | D:1      | Found Teba's Jewellery Shop.
   275 | D:1      | Got the Directory of the Tesseract and Metal
   499 | D:1      | Glimpsed the power of Zot.
   881 | D:2      | Reached XP level 4. HP: 33/33 MP: 8/10
  1100 | D:2      | Glimpsed the power of Zot.
  1150 | D:2      | Glimpsed the power of Zot.
  1210 | D:3      | Reached XP level 5. HP: 38/38 MP: 0/12
  1215 | D:3      | Learned a level 4 spell: Flame Wave
  1337 | D:3      | Found a faded altar of an unknown god.
  1419 | D:3      | Found a glowing silver altar of Zin.
  1419 | D:3      | Found a hide-covered altar of Uskayaw.
  1419 | D:3      | Found a white marble altar of Elyvilon.
  1426 | D:3      | Reached skill level 5 in Fire Magic
  1700 | D:3      | Glimpsed the power of Zot.
  1750 | D:4      | Reached XP level 6. HP: 25/45 MP: 2/13
  1754 | D:4      | Slain by a gnoll bouda

Illustrated notes

Levels and vault maps discovered:
D:1:      dpeg_arrival_another_circle, layout_basic, serial_shops, shop_statue,
          chequers_serial_rivers_micro_a
D:2:      layout_loops_corners
D:3:      layout_basic, gammafunk_temple_overflow_forgotten,
          ebering_ecumenical_altar_webs
D:4:      layout_rooms, yredelemnul_altar_generic, lemuel_doored_altar,
          kennysheep_okawaru_gauntlet, roderic_serpentine_path

Skill      XL: |  1  2  3  4  5 |
---------------+----------------+-----
Fire Magic     | 4 5 |  5.5
Spellcasting   | 3 4 |  4.4
Conjurations   | 2 |  2.3
Fighting       | |  0.1
Dodging        | |  2.8
Stealth        | |  1.4

Action                   |  1- 3 |  4- 6 || total
-------------------------+-------+-------++-------
Melee: Unarmed           |     3 |    14 ||    17
 Cast: Foxfire           |    31 |    28 ||    59
       Scorch            |    12 |    28 ||    40
       Flame Wave        |       |     4 ||     4
  Use: Scroll            |     3 |       ||     3
Armor: Robe              |     7 |    10 ||    17
Dodge: Dodged            |     7 |    33 ||    40
